 Dungeon Crawl Stone Soup version 0.28.0-53-g5a82cb258f (webtiles) character file.

Game seed: 845229468051807043

56 nickcage the Chopper (level 3, -5/31 HPs)
             Began as a Hill Orc Abyssal Knight on June 14, 2022.
             Was a Follower of Lugonu.
             Splashed by a jelly's acid (11 damage)
             ... on level 2 of the Dungeon.
             The game lasted 00:02:48 (1710 turns).

nickcage the Chopper (Hill Orc Abyssal Knight)      Turns: 1710, Time: 00:02:48

Health: -5/31      AC:  2    Str: 17    XL:     3   Next: 95%
Magic:  4/4        EV: 10    Int: 10    God:    Lugonu [*.....]
Gold:   95         SH:  0    Dex: 11    Spells: 2/2 levels left

rFire   . . .      SeeInvis .   g - +1 whip (elec)
rCold   . . .      Faith    .   (no shield)
rNeg    . . .      Spirit   .   c - +0 ring mail
rPois   .          Reflect  .   (no helmet)
rElec   .          Harm     .   (no cloak)
rCorr   .          Rampage  .   (no gloves)
Will    .....                   l - +0 pair of boots
Stlth   +.........              (no amulet)
HPRegen 0.10/turn               (no ring)
MPRegen 0.09/turn               (no ring)

@: corroded
A: no striking features
a: Renounce Religion, Depart the Abyss


You were on level 2 of the Dungeon.
You worshipped Lugonu.
Lugonu was aware of your devotion.
You visited 1 branch of the dungeon, and saw 2 of its levels.
You visited the Abyss 1 time.

You collected 95 gold pieces.

Inventory:

Hand Weapons
 a - a +1 hand axe
 g - a +1 whip of electrocution (weapon)
Armour
 b - a +0 leather armour
 c - a +0 ring mail (worn)
 l - a +0 pair of boots (worn)
Scrolls
 d - a scroll of vulnerability {unknown}
 e - a scroll of noise {unknown}
 j - a scroll of torment {unknown}
Potions
 f - a potion of haste {unknown}
 h - a potion of attraction {unknown}
 i - a potion of curing {unknown}
 k - a potion of berserk rage {unknown}


   Skills:
 - Level 3.6 Fighting
 + Level 5.5 Axes
 - Level 2.1 Armour
 - Level 0.7 Dodging
 - Level 2.4 Invocations


You had 2 spell levels left.
You didn't know any spells.
Your spell library was empty.

Dungeon Overview and Level Annotations

Branches:
Dungeon (2/15)

Altars:


Message History

You barely miss the kobold. Your punch misses the kobold.
The kobold is moderately wounded.
The kobold hits you but does no damage.
You hit the kobold.
You kill the kobold!
Lugonu accepts your kill.
No target in view!
Things that are here:
a +0 dagger; 5 stones; a kobold corpse You open the door.
An endoplasm and a jelly come into view.
The endoplasm quivers.
The jelly quivers.
Found a rat skeleton. 2 jellies and 8 endoplasms come into view.
Found two bat skeletons, a goblin skeleton, a rat skeleton and 19 stones.
The endoplasm quivers.
The jelly quivers.
The endoplasm quivers. x2
The jelly quivers.
The endoplasm quivers. x3
The endoplasm barely misses you.
The endoplasm hits the fungus.
The fungus begins to die.
The endoplasm hits the fungus.
The fungus begins to die.
There is an open door here.
You hit the jelly. The acid corrodes you!
Your hands burn!
The jelly is moderately wounded.
The jelly hits you.
You are splashed with acid!
You barely miss the jelly.
The jelly is moderately wounded.
The jelly hits you.
You are splashed with acid!
* * * LOW HITPOINT WARNING * * *
Something hits the fungus.
The fungus begins to die.
You are too injured to fight recklessly!
You hit the jelly but do no damage.
Your hands burn!
* * * LOW HITPOINT WARNING * * *
The jelly is moderately wounded.
The jelly barely misses you.
You barely miss the jelly.
The jelly is moderately wounded.
The jelly hits you.
* * * LOW HITPOINT WARNING * * *
You are splashed with acid!
You die...

######## ### .......# ###
##..###########.##J....(#
##).#####....#.#.#PPJJP.#
).).#.##.....#.#.#J....÷#
##..#.'......#'#.#PJ...P#
......'........#)#......#
......'........#.#JPP÷J.#
##..#.##.......#@#JJ....#
##....###......##JJJP.P.#
.....## ##########J.....#
###... ####### #.##. #.#
#.


You could see 2 jellies and 2 endoplasms.

Vanquished Creatures
  A gnoll (D:1)
  An adder (D:2)
  4 endoplasms
  4 giant cockroaches (D:1)
  2 hobgoblins
  4 jackals (D:2)
  11 kobolds
  3 ball pythons
  A bat (D:1)
  A frilled lizard (D:1)
  A rat (D:1)
33 creatures vanquished.

Vanquished Creatures (others)
  2 fungi (D:2)
  7 toadstools (D:2)
9 creatures vanquished.

Grand Total: 42 creatures vanquished

Notes
Turn   | Place    | Note
-------+----------+-------------------------------------------
     0 | Abyss:1  | nickcage the Hill Orc Abyssal Knight began the quest for
                  | the Orb.
     0 | Abyss:1  | Reached XP level 1. HP: 19/19 MP: 2/2
    57 | Abyss:1  | Noticed a small abomination
    58 | D:1      | Escaped the Abyss
   374 | D:1      | Reached skill level 3 in Axes
   482 | D:1      | Reached XP level 2. HP: 22/26 MP: 3/3
   542 | D:1      | Found a faded altar of an unknown god.
   601 | D:1      | Reached skill level 4 in Axes
   831 | D:1      | Reached * piety under Lugonu
   832 | D:1      | Reached XP level 3. HP: 31/31 MP: 4/4
  1059 | D:2      | Reached skill level 5 in Axes
  1710 | D:2      | Splashed by a jelly's acid

Illustrated notes

Levels and vault maps discovered:
D:1:      dpeg_arrival_round_c, layout_rooms, chequers_ecumenical_altar_island
D:2:      cheibrodos_fertilizer, layout_loops_ring, serial_shops, shop,
          minmay_pentomino_p2

Skill      XL: |  1  2  3 |
---------------+----------+-----
Axes           | 3 4 5 |  5.5
Fighting       | |  3.6
Armour         | |  2.1
Dodging        | |  0.7
Invocations    | |  2.4

Action                   || total
-------------------------++-------
Melee: Hand axe          ||    21
       Whip              ||    99
Invok: Depart the Abyss  ||     1
Armor: Ring mail         ||    52
       Leather armour    ||     4
Dodge: Dodged            ||    66
